 Dungeon Crawl Stone Soup version 0.19.3-4-gbf9329e (webtiles) character file.

74293 TryAgain the Eclecticist (level 15, -2/72 HPs)
             Began as a Deep Elf Ice Elementalist on Jan 27, 2017.
             Was a High Priest of Vehumet.
             Killed by divine providence
             ... invoked by Saint Roka
              (12 damage)
             ... on level 2 of the Elven Halls on Jan 28, 2017.
             The game lasted 03:06:34 (32696 turns).

TryAgain the Eclecticist (DEIE)                    Turns: 32696, Time: 03:06:36

Health: -2/72      AC: 15    Str: 13    XL:     15   Next: 6%
Magic:  53/55      EV: 23    Int: 26    God:    Vehumet [*****.]
Gold:   1036       SH:  6    Dex: 15    Spells: 13 memorised, 2 levels left

rFire  . . .     SeeInvis .     j - +6 flail (protect)
rCold  + . .     Gourm    .     C - +2 robe {rF+}
rNeg   . . .     Faith    .     (no shield)
rPois  .         Spirit   .     A - +1 helmet
rElec  .         Reflect  +     T - +2 cloak
rCorr  .         Harm     .     o - +2 pair of gloves
MR     +....                    V - +2 pair of boots of the Soldier {MP+9 Str+7}
Stlth  +++.......               h - +6 amulet of reflection
                                Y - ring of magical power
                                D - ring of ice

@: no status effects
A: no striking features
a: Renounce Religion


You were on level 2 of the Elven Halls.
You worshipped Vehumet.
Vehumet was extremely pleased with you.
You were hungry.

You visited 5 branches of the dungeon, and saw 24 of its levels.

You collected 2382 gold pieces.
You spent 1346 gold pieces at shops.

Inventory:

Hand Weapons
 j - a +6 flail of protection (weapon)
 M - a +2 longbow of flaming
Missiles
 B - 480 arrows
Armour
 g - the +1 robe "Idaxuaha" {rF+ rC+ Dex-5}
   (You found it on level 5 of the Lair of Beasts)

   It affects your dexterity (-5).
   It protects you from fire.
   It protects you from cold.
 m - a +0 buckler
 o - a +2 pair of gloves (worn)
 A - a +1 helmet (worn)
 C - a +2 robe of fire resistance (worn)
 T - a +2 cloak (worn)
 U - a +1 pair of gloves
 V - the +2 pair of boots of the Soldier (worn) {MP+9 Str+7}
   (You bought it in a shop on level 1 of the Orcish Mines)

   It affects your strength (+7).
   It affects your magic capacity (+9).
Jewellery
 e - an uncursed ring of ice
 h - a +6 amulet of reflection (around neck)
 u - an uncursed ring of fire
 z - an uncursed ring of poison resistance
 D - a ring of ice (left hand)
 E - an uncursed ring of protection from magic
 S - an uncursed ring of wizardry
 Y - a ring of magical power (right hand)
Wands
 n - a wand of disintegration (8/24)
 q - a wand of disintegration (14/24)
 y - a wand of teleportation (8/9)
 G - a wand of iceblast (13/15)
 I - a wand of lightning (10/15)
 O - a wand of digging (18/24)
Scrolls
 s - 8 scrolls of teleportation
 w - 10 scrolls of remove curse
 x - a scroll of magic mapping
 F - a scroll of fear
 H - 7 scrolls of identify
 P - a scroll of holy word
 Z - 2 scrolls of recharging
Potions
 a - a potion of heal wounds
 i - 8 potions of curing
 k - 6 potions of brilliance
 l - 2 potions of ambrosia
 p - 7 potions of haste
 v - 2 potions of agility
 K - 3 potions of lignification
 L - a potion of magic
 W - 2 potions of cancellation
 X - a potion of might
Books
 b - a book of Burglary

   Spells                             Type                      Level
   a - Swiftness                      Charms/Air                   2
   b - Passwall                       Transmutation/Earth          2
   c - Passage of Golubria            Translocation                4
   d - Lee's Rapid Deconstruction     Earth                        5
   e - Darkness                       Hexes                        6
   f - Invisibility                   Hexes                        6
 r - a book of Maledictions

   Spells                             Type                      Level
   a - Corona                         Hexes                        1
   b - Ensorcelled Hibernation        Hexes/Ice                    2
   c - Confuse                        Hexes                        3
   d - Tukima's Dance                 Hexes                        3
   e - Dazzling Spray                 Conjuration/Hexes            3
 J - a book of the Tempests

   Spells                             Type                      Level
   a - Static Discharge               Conjuration/Air              3
   b - Lightning Bolt                 Conjuration/Air              5
   c - Fireball                       Conjuration/Fire             5
   d - Tornado                        Air                          9
   e - Shatter                        Earth                        9
 N - a book of Flames

   Spells                             Type                      Level
   a - Flame Tongue                   Conjuration/Fire             1
   b - Throw Flame                    Conjuration/Fire             2
   c - Conjure Flame                  Conjuration/Fire             3
   d - Inner Flame                    Hexes/Fire                   3
   e - Sticky Flame                   Conjuration/Fire             4
   f - Fireball                       Conjuration/Fire             5
 Q - a book of Transfigurations

   Spells                             Type                      Level
   a - Irradiate                      Conjuration/Transmutation    5
   b - Statue Form                    Transmutation/Earth          6
   c - Hydra Form                     Transmutation                6
   d - Dragon Form                    Transmutation                7
Miscellaneous
 t - a crystal ball of energy
 R - a box of beasts
Comestibles
 c - 13 bread rations
 f - 9 meat rations


   Skills:
 + Level 14.8 Dodging
 + Level 4.7 Stealth
 + Level 2.2 Shields
 + Level 16.3 Spellcasting
 + Level 11.9 Conjurations
 - Level 4.0 Charms
 - Level 6.0 Summonings
 - Level 12.4 Ice Magic
 - Level 10.5 Air Magic


You had 2 spell levels left.
You knew the following spells:

 Your Spells              Type           Power        Failure   Level  Hunger
a - Freeze                Ice            ####         0%          1    None
b - Ozocubu's Armour      Chrm/Ice       #######.     1%          3    None
c - Summon Ice Beast      Ice/Summ       #######.     1%          4    None
d - Throw Frost           Conj/Ice       ######       1%          2    None
e - Static Discharge      Conj/Air       ######..     1%          3    None
f - Throw Icicle          Conj/Ice       #######.     1%          4    None
g - Lightning Bolt        Conj/Air       ######....   1%          5    None
h - Conjure Flame         Conj/Fire      ######..     1%          3    None
i - Sandblast             Erth           ###...       1%          1    None
j - Sting                 Conj/Pois      ####         1%          1    None
k - Tornado               Air            ######....   100%        9    #######
l - Freezing Cloud        Conj/Ice/Air   #######...   1%          6    ####...
m - Passwall              Tmut/Erth      ###.......   3%          2    None


Dungeon Overview and Level Annotations

Branches:
Dungeon (13/15)            Temple (1/1) D:7            Lair (6/6) D:9
 Shoals (0/4) Lair:4        Snake (0/4) Lair:2        Slime (0/5) Lair:6
    Orc (2/2) D:11            Elf (2/3) Orc:2
 Vaults: D:13-14

Altars:
Ashenzari
Cheibriados
Dithmenos
Elyvilon
Gozag
Hepliaklqana
Kikubaaqudgha
Makhleb
Nemelex Xobeh
Okawaru
Ru
Sif Muna
Trog
Uskayaw
Vehumet
Xom
Yredelemnul
Zin
The Shining One
Beogh
Jiyva

Shops:
D:4 *   D:9 !   D:10 [   Orc:1 [   Orc:2 [%(*   Elf:1 *

Annotations:
D:8 4 runed doors
Elf:2 Saint Roka


Message History

The battleaxe of freezing freezes you.
* * * LOW HITPOINT WARNING * * *
Saint Roka calls out, "Only Beogh rules here!"
Saint Roka roars a battlecry!
The orc warrior goes into a battle-frenzy!
You feel much better. The battleaxe of freezing hits you.
Saint Roka calls down the wrath of Beogh upon you.
Beogh smites you! The battleaxe of freezing hits you.
* * * LOW HITPOINT WARNING * * *
The battleaxe of freezing freezes you.
* * * LOW HITPOINT WARNING * * *
There is a stone staircase leading up here.
The battleaxe of freezing hits you!
* * * LOW HITPOINT WARNING * * *
The battleaxe of freezing freezes you.
* * * LOW HITPOINT WARNING * * *
Saint Roka calls down the wrath of Beogh upon you.
Beogh smites you!
You die...

....## ##.:.....##
*,,,,,*,,
.....####.......o.##
*,,,,***,
......##.(.........#
*,,,,* *,
).....##...........#
*,,,** **
......++.....>.....#
*,,,** **
......##........o..#
*,,,,***,
......##...........#
*,,,,,*,,
.....####.......(.##
**,,,,,,, ....##
##......@## *,,,,,**
...## ##.....##
***,,*** ####
####### ****


You could see Saint Roka, an orc warrior and a battleaxe of freezing.

Vanquished Creatures
  Agnes (Elf:1)
  An orc warlord (Orc:2)
  Nessos (Lair:6)
  A deep elf death mage (Elf:1)
  6 dancing weapons
  6 orc high priests
  6 deep elf knights
  4 deep elf archers
  2 orc knights (Orc:2)
  4 orc sorcerers
  Pikel (D:5)
  34 deep elf magi
  4 elephants (Lair:6)
  Maurice (D:9)
  A black mamba (Lair:4)
  A centaur zombie (D:11)
  A spiny frog (shapeshifter) (Elf:1)
  A torpor snail (Lair:4)
  4 spiny frogs
  2 rime drakes (Lair:6)
  2 komodo dragons
  2 trolls
  A snapping turtle (shapeshifter) (Elf:1)
  8 hippogriffs
  3 spriggans (Lair:6)
  2 air elementals
  3 fire elementals
  4 yaks
  A spriggan (shapeshifter) (D:11)
  5 water elementals (Elf:1)
  Eustachio (D:5)
  A vampire mosquito (D:12)
  3 wargs
  6 porcupines
  9 water moccasins
  3 black bears
  A hornet zombie (D:12)
  25 orc warriors
  2 sky beasts
  9 ogres
  An eye of draining (shapeshifter) (Elf:1)
  A boggart (Lair:6)
  4 phantoms
  16 wolves
  5 crocodiles
  3 centaurs
  Blork the orc (D:6)
  A big kobold (D:12)
  12 bullfrogs
  6 earth elementals
  A wyvern skeleton (D:11)
  A scorpion (D:10)
  8 killer bees
  2 howler monkeys
  3 crimson imps
  A quasit (D:9)
  2 lava snakes (D:12)
  A jelly (D:7)
  3 centaur skeletons
  4 hounds
  20 orc priests
  18 orc wizards
  A bullfrog skeleton (D:4)
  3 worker ants
  A killer bee zombie (D:8)
  A hound skeleton (D:7)
  A worker ant zombie (D:8)
  A howler monkey skeleton (D:8)
  10 adders
  3 gnolls
  A shadow imp (D:10)
  An ooze (D:3)
  2 adder zombies (D:9)
  6 worms
  3 dart slugs
  6 leopard geckos
  57 orcs
  2 ball pythons
  15 bats
  3 giant cockroaches
  7 goblins
  8 hobgoblins
  4 jackals
  4 quokkas
  A ball python skeleton (D:4)
  4 frilled lizards
  6 kobolds
  A quokka skeleton (D:4)
  4 rats
  2 fungi
445 creatures vanquished.

Vanquished Creatures (collateral kills)
  An orc warlord (Orc:2)
  The ghost of Megalobster the Cleaver, a journeyman MiBe of Trog (Lair:2)
  Snorg (Lair:6)
  4 hydras
  2 alligators (Lair:6)
  A centaur warrior (D:12)
  An orc high priest (Orc:2)
  A skeletal warrior (D:12)
  4 hill giants
  A wizard (D:11)
  2 ugly things (D:12)
  4 cyclopes
  4 oklob plants
  An orc knight (Orc:2)
  2 orc sorcerers (Orc:2)
  A manticore (D:11)
  3 sirens (Lair:4)
  2 elephants (Lair:6)
  2 gargoyles
  A kobold demonologist (D:12)
  A spiny frog (Lair:3)
  A merfolk (Lair:4)
  8 trolls
  2 polar bears (Lair:6)
  2 hornets (Lair:6)
  A two-headed ogre (Orc:2)
  3 blink frogs (Lair:5)
  3 hippogriffs
  2 slime creatures (D:12)
  9 dream sheep (Lair:4)
  Sigmund (D:5)
  8 spriggans (Lair:6)
  42 yaks
  A human (D:11)
  A basilisk (Lair:2)
  4 vampire mosquitoes
  3 wargs (Orc:2)
  2 nagas (Lair:2)
  Edmund (D:5)
  Menkaure (D:7)
  A porcupine (Lair:5)
  2 water moccasins (Lair:6)
  20 orc warriors
  A necrophage (D:6)
  25 wolves
  9 ogres
  3 crocodiles
  A centaur (D:8)
  A big kobold (D:12)
  A scorpion (D:7)
  5 killer bees
  A bullfrog zombie (D:11)
  9 orc wizards
  11 orc priests
  A bullfrog skeleton (D:12)
  2 worker ants
  A worker ant zombie (D:11)
  A gnoll (D:7)
  52 orcs
  2 jackals (D:5)
  4 kobolds (D:12)
  A fungus (Lair:6)
289 creatures vanquished.

Vanquished Creatures (others)
  2 centaurs
  A scorpion (D:5)
  An orc (Orc:2)
  A giant cockroach (D:5)
  5 bushes (Lair:6)
  3 fungi
  15 plants
28 creatures vanquished.

Grand Total: 762 creatures vanquished

Notes
Turn   | Place    | Note
-------+----------+-------------------------------------------
     0 | D:1      | TryAgain the Deep Elf Ice Elementalist began the quest for the Orb.
     0 | D:1      | Reached XP level 1. HP: 10/10 MP: 6/6
    95 | D:1      | Reached XP level 2. HP: 5/15 MP: 5/8
   846 | D:1      | Reached XP level 3. HP: 19/19 MP: 10/10
  1210 | D:2      | Reached skill level 4 in Spellcasting
  1259 | D:2      | Learned a level 3 spell: Ozocubu's Armour
  1359 | D:2      | Found a snail-covered altar of Cheibriados.
  1421 | D:2      | Reached XP level 4. HP: 24/24 MP: 6/12
  1885 | D:3      | Found a faded altar of an unknown god.
  2111 | D:3      | Found an ancient bone altar of Kikubaaqudgha.
  2174 | D:3      | Reached skill level 1 in Charms
  2185 | D:3      | Learned a level 4 spell: Summon Ice Beast
  2188 | D:3      | Learned a level 2 spell: Throw Frost
  2262 | D:3      | Found a shattered altar of Ashenzari.
  2408 | D:3      | Found a glowing golden altar of the Shining One.
  2408 | D:3      | Found a deep blue altar of Sif Muna.
  2413 | D:3      | Found a burning altar of Makhleb.
  2415 | D:3      | Found a basalt altar of Yredelemnul.
  2417 | D:3      | Found a shadowy altar of Dithmenos.
  2556 | D:4      | Noticed an ogre
  2569 | D:4      | Killed an ogre
  2569 | D:4      | Reached skill level 1 in Summonings
  2569 | D:4      | Reached XP level 5. HP: 23/28 MP: 0/14
  2760 | D:4      | Found Metinayl's Elemental Accessories.
  2854 | D:4      | Noticed a phantom
  2887 | D:4      | Killed a phantom
  2887 | D:4      | Reached skill level 5 in Spellcasting
  2887 | D:4      | Reached XP level 6. HP: 16/32 MP: 15/15
  3082 | D:4      | Reached skill level 5 in Dodging
  3382 | D:5      | Entered Level 5 of the Dungeon
  3467 | D:5      | Noticed Eustachio
  3546 | D:5      | Noticed a slave
  3547 | D:5      | Noticed a slave
  3909 | D:6      | Found an iron altar of Okawaru.
  3926 | D:6      | Found a basalt altar of Yredelemnul.
  3997 | D:6      | Reached XP level 7. HP: 28/36 MP: 17/17
  4045 | D:6      | Reached skill level 6 in Spellcasting
  4050 | D:6      | Noticed Blork the orc
  4056 | D:6      | Killed Blork the orc
  4250 | D:5      | Noticed Edmund
  4272 | D:5      | Killed Edmund
  4321 | D:5      | Noticed Pikel
  4327 | D:5      | Killed Pikel
  4327 | D:5      | Reached skill level 7 in Spellcasting
  4327 | D:5      | Reached XP level 8. HP: 41/41 MP: 1/20
  4393 | D:5      | Reached skill level 5 in Summonings
  4579 | D:5      | Killed Eustachio
  4764 | D:5      | Noticed Sigmund
  4769 | D:5      | Killed Sigmund
  5246 | D:6      | Reached skill level 8 in Spellcasting
  5796 | D:7      | Noticed a hippogriff
  5804 | D:7      | Killed a hippogriff
  5812 | D:7      | Reached XP level 9. HP: 31/45 MP: 13/23
  5879 | D:7      | Reached skill level 9 in Spellcasting
  5968 | D:7      | Noticed Menkaure
  5975 | D:7      | Killed Menkaure
  6242 | D:7      | Found a staircase to the Ecumenical Temple.
  6272 | Temple   | Entered the Ecumenical Temple
  6273 | Temple   | Identified a scroll of acquirement
  6426 | Temple   | Became a worshipper of Vehumet
  6453 | D:7      | Learned a level 3 spell: Static Discharge
  6458 | D:7      | Learned a level 4 spell: Throw Icicle
  6464 | D:7      | Learned a level 5 spell: Lightning Bolt
  6659 | D:8      | Reached skill level 5 in Ice Magic
  6718 | D:8      | Found a huge runed gate.
  6718 | D:8      | Found a huge runed gate.
  6719 | D:8      | Found a huge runed gate.
  6720 | D:8      | Noticed a polar bear
  6720 | D:8      | Found a huge runed gate.
  6721 | D:8      | Noticed a polar bear
  6721 | D:8      | Noticed a polar bear
  6914 | D:8      | Found an opulent altar of Gozag.
  7147 | D:9      | Noticed Maurice
  7188 | D:9      | Found a staircase to the Lair.
  7198 | Lair:1   | Entered Level 1 of the Lair of Beasts
  7250 | Lair:1   | Reached skill level 1 in Air Magic
  7807 | Lair:1   | Reached skill level 10 in Spellcasting
  7980 | Lair:2   | Noticed a komodo dragon
  7988 | Lair:2   | Killed a komodo dragon
  8017 | Lair:2   | Noticed Megalobster's ghost (journeyman MiBe)
  8201 | Lair:1   | Reached XP level 10. HP: 50/50 MP: 16/26
  8226 | Lair:1   | Reached * piety under Vehumet
  8226 | Lair:1   | Offered knowledge of Sandblast by Vehumet.
  8239 | Lair:1   | Learned a level 3 spell: Conjure Flame
  8241 | Lair:1   | Learned a level 1 spell: Sandblast
  8446 | Lair:2   | Noticed a spiny frog
  8476 | Lair:2   | Killed a spiny frog
  9056 | Lair:2   | Reached skill level 5 in Conjurations
  9614 | Lair:2   | Noticed a spiny frog
  9626 | Lair:2   | Reached skill level 11 in Spellcasting
  9630 | Lair:2   | Killed a spiny frog
  9679 | Lair:2   | Reached skill level 10 in Dodging
  9716 | Lair:2   | Found a staircase to the Snake Pit.
 10201 | Lair:3   | Offered knowledge of Sting by Vehumet.
 10204 | Lair:3   | Learned a level 1 spell: Sting
 10232 | Lair:3   | Reached ** piety under Vehumet
 10345 | Lair:3   | Reached skill level 5 in Air Magic
 10369 | Lair:3   | Reached XP level 11. HP: 52/54 MP: 10/28
 11361 | Lair:4   | Noticed a five-headed hydra
 11368 | Lair:4   | Killed a five-headed hydra
 11476 | Lair:4   | Reached skill level 12 in Spellcasting
 11768 | D:9      | Offered knowledge of Stone Arrow by Vehumet.
 11847 | D:9      | Found Mosk's Distillery.
 11891 | D:9      | Bought a potion of flight for 36 gold pieces
 11891 | D:9      | Bought a potion of heal wounds for 60 gold pieces
 11891 | D:9      | Bought a potion of heal wounds for 60 gold pieces
 11891 | D:9      | Bought a potion of curing for 36 gold pieces
 11891 | D:9      | Bought a potion of heal wounds for 60 gold pieces
 11891 | D:9      | Bought a potion of berserk rage for 60 gold pieces
 11891 | D:9      | Bought a potion of cancellation for 96 gold pieces
 11891 | D:9      | Bought a potion of might for 48 gold pieces
 11891 | D:9      | Bought a potion of brilliance for 48 gold pieces
 12159 | D:9      | Reached *** piety under Vehumet
 12475 | D:9      | Killed Maurice
 13123 | D:10     | Entered Level 10 of the Dungeon
 13203 | D:10     | Offered knowledge of Mephitic Cloud by Vehumet.
 13229 | D:10     | Got a heavily runed silver amulet
 13461 | D:10     | Found Cunuer's Armour Shop.
 13663 | D:11     | Noticed a hill giant
 13672 | D:11     | Killed a hill giant
 13851 | D:11     | Found a staircase to the Orcish Mines.
 13885 | D:11     | Reached **** piety under Vehumet
 13917 | D:11     | Identified the amulet "Hojusibi" {Inacc rElec MP+9} (You found it on level 10 of the Dungeon)
 14016 | D:11     | Offered knowledge of Airstrike by Vehumet.
 14516 | D:11     | Noticed a wizard
 14517 | D:11     | Noticed a six-headed hydra
 14530 | D:11     | Killed a wizard
 14536 | D:11     | Killed a six-headed hydra
 14710 | D:12     | Noticed a hill giant
 14719 | D:12     | Killed a hill giant
 14732 | D:12     | Noticed a red ugly thing
 14742 | D:12     | Killed a red ugly thing
 15065 | D:12     | Noticed a skeletal warrior
 15100 | D:12     | Noticed a hill giant
 15112 | D:12     | Killed a hill giant
 15664 | D:12     | Reached XP level 12. HP: 59/59 MP: 5/30
 16187 | D:12     | Noticed a centaur warrior
 16218 | D:12     | Killed a centaur warrior
 16236 | D:12     | Reached skill level 13 in Spellcasting
 16304 | D:12     | Reached ***** piety under Vehumet
 16435 | D:12     | Offered knowledge of Poison Arrow by Vehumet.
 16710 | D:13     | Noticed an eight-headed hydra
 16714 | D:13     | Noticed a rakshasa
 16846 | Orc:1    | Entered Level 1 of the Orcish Mines
 17411 | Orc:1    | Found Pasoent's Armour Emporium.
 17424 | Orc:1    | Bought the +2 pair of boots of the Soldier {MP+9 Str+7} for 506 gold pieces
 17810 | Orc:2    | Entered Level 2 of the Orcish Mines
 18120 | Orc:2    | Noticed an orc high priest
 18346 | Orc:2    | Noticed an orc high priest
 18361 | Orc:2    | Killed an orc high priest
 18481 | Orc:2    | Reached skill level 10 in Ice Magic
 18916 | Orc:2    | Killed an orc high priest
 18948 | Orc:2    | Offered knowledge of Lee's Rapid Deconstruction by Vehumet.
 19643 | Orc:2    | Found a roughly hewn altar of Beogh.
 19773 | Orc:2    | Found Okofaata's General Store.
 19779 | Orc:2    | Bought a potion of curing for 48 gold pieces
 19787 | Orc:2    | Found Gura's Antique Weapon Shoppe.
 20798 | Orc:2    | Noticed an orc warlord
 20835 | Orc:2    | Killed an orc warlord
 20835 | Orc:2    | Reached skill level 14 in Spellcasting
 20973 | Orc:2    | Noticed an orc warlord
 21468 | Lair:2   | Killed Megalobster's ghost
 21468 | Lair:2   | Reached XP level 13. HP: 63/63 MP: 30/33
 21698 | Lair:4   | Found a staircase to the Shoals.
 21778 | Lair:5   | Got a fabulously ornate robe
 21789 | Lair:5   | Identified the cursed +1 robe "Idaxuaha" {rF+ rC+ Dex-5} (You found it on level 5 of the Lair of Beasts)
 22971 | Lair:6   | Entered Level 6 of the Lair of Beasts
 23103 | Lair:6   | Noticed Snorg
 23462 | Lair:6   | Noticed Nessos
 23473 | Lair:6   | Killed Nessos
 23834 | Lair:6   | Found a viscous altar of Jiyva.
 23834 | Lair:6   | Found a staircase to the Slime Pits.
 24052 | Lair:6   | Reached skill level 10 in Conjurations
 24322 | Lair:6   | Learned a level 9 spell: Tornado
 24330 | Lair:6   | Killed Snorg
 26332 | D:9      | Bought a potion of haste for 120 gold pieces
 27010 | Orc:2    | Offered knowledge of Yara's Violent Unravelling by Vehumet.
 27381 | Orc:2    | Killed an orc warlord
 27381 | Orc:2    | Reached skill level 15 in Spellcasting
 27711 | Orc:2    | Found a staircase to the Elven Halls.
 28118 | Orc:2    | Found Furixzin's Food Shop.
 28252 | Orc:2    | Reached XP level 14. HP: 68/68 MP: 35/35
 28369 | Orc:2    | Found Gualemex's Antique Armour Shoppe.
 28556 | Orc:2    | Found a roughly hewn altar of Beogh.
 28636 | Elf:1    | Entered Level 1 of the Elven Halls
 28833 | Elf:1    | Found Qusu's General Store.
 28908 | Elf:1    | Bought a scroll of magic mapping for 45 gold pieces
 28908 | Elf:1    | Bought a scroll of recharging for 123 gold pieces
 29483 | Elf:1    | Reached skill level 10 in Air Magic
 29630 | Elf:1    | Noticed Agnes
 29647 | Elf:1    | Killed Agnes
 29876 | Elf:1    | Found a radiant altar of Vehumet.
 31317 | Elf:1    | Offered knowledge of Freezing Cloud by Vehumet.
 31460 | Elf:1    | Reached skill level 16 in Spellcasting
 31602 | Elf:1    | Reached skill level 1 in Shields
 31976 | Elf:2    | Learned a level 6 spell: Freezing Cloud
 31979 | Elf:2    | Learned a level 2 spell: Passwall
 32349 | Elf:2    | Reached XP level 15. HP: 58/72 MP: 12/37
 32627 | Elf:2    | Noticed Saint Roka
 32696 | Elf:2    | Killed from afar by Saint Roka

Skill      XL: |  1  2  3  4  5  6  7  8  9 10 11 12 13 14 |
---------------+-------------------------------------------+-----
Dodging        | 3 4 5 6 8 9 10 11 12 13 14 | 14.8
Spellcasting   | 4 5 7 8 10 11 12 14 15 16 | 16.3
Ice Magic      | 4 6 7 9 10 11 12 | 12.4
Charms         | 2 3 4 |  4.0
Summonings     | 1 2 3 4 6 |  6.0
Conjurations   | 2 4 6 8 9 10 11 | 11.9
Air Magic      | 3 5 6 8 9 10 | 10.5
Stealth        | 4 |  4.7
Shields        | 2 |  2.2

Action                   |  1- 3 |  4- 6 |  7- 9 | 10-12 | 13-15 || total
-------------------------+-------+-------+-------+-------+-------++-------
Melee: Short sword       |     5 |       |       |       |       ||     5
       Dagger            |    17 |   126 |    46 |    35 |       ||   224
       Flail             |       |       |       |   213 |   155 ||   368
 Cast: Freeze            |    63 |    55 |   136 |   322 |   130 ||   706
       Throw Frost       |       |     7 |     3 |    33 |     9 ||    52
       Ozocubu's Armour  |       |     3 |    12 |    49 |    32 ||    96
       Summon Ice Beast  |       |     1 |    32 |   293 |   142 ||   468
       Lightning Bolt    |       |       |       |     2 |    10 ||    12
       Conjure Flame     |       |       |       |     1 |       ||     1
       Sandblast         |       |       |       |     1 |       ||     1
       Throw Icicle      |       |       |       |    35 |   262 ||   297
       Static Discharge  |       |       |       |       |     9 ||     9
       Sting             |       |       |       |       |     2 ||     2
       Freezing Cloud    |       |       |       |       |     9 ||     9
Evoke: Wand              |       |       |       |       |     1 ||     1
  Use: Scroll            |       |    13 |     7 |    14 |     6 ||    40
       Potion            |       |       |     1 |     9 |     7 ||    17
 Stab: Sleeping          |     3 |     2 |     1 |     2 |     3 ||    11
       Distracted        |       |       |       |     3 |     2 ||     5
  Eat: Chunk             |     1 |     6 |     9 |    23 |    11 ||    50
       Pizza             |       |     1 |     1 |     5 |     3 ||    10
       Fruit             |       |       |     6 |    10 |     3 ||    19
       Royal jelly       |       |       |       |     1 |       ||     1
       Beef jerky        |       |       |       |       |     9 ||     9
       Meat ration       |       |       |       |       |     1 ||     1
Armor: Robe              |    30 |    26 |    47 |   174 |   123 ||   400
Dodge: Dodged            |    60 |    65 |   136 |   534 |   419 ||  1214
Block: Other             |       |    28 |    36 |   156 |   184 ||   404
       Reflection        |       |       |     2 |    12 |    12 ||    26
